 Dungeon Crawl Stone Soup version 0.29.1-15-g9cfb28693d (webtiles) character file.

Game seed: 4134788778127762694

8 MysteronAgent the Shield-Bearer (level 2, -5/29 HPs)
             Began as a Gnoll Fighter on Apr 23, 2023.
             Slain by a gnoll
             ... wielding a +0 flail of protection
              (6 damage)
             ... on level 1 of the Dungeon.
             The game lasted 00:00:36 (210 turns).

MysteronAgent the Shield-Bearer (Gnoll Fighter)      Turns: 210, Time: 00:00:37

Health: -5/29      AC:  7    Str: 15    XL:     2   Next: 8%
Magic:  2/2        EV:  9    Int:  7    God:
Gold:   12         SH:  5    Dex: 11    Spells: 1/1 levels left

rFire   . . .      SeeInvis .   a - +0 war axe
rCold   . . .      Faith    .   c - +0 buckler
rNeg    . . .      Spirit   .   b - +0 scale mail
rPois   .          Reflect  .   (no helmet)
rElec   .          Harm     .   (no cloak)
rCorr   .          Rampage  .   (no gloves)
Will    .....                   (no boots)
Stlth   ..........              (no amulet)
HPRegen 0.09/turn               (no ring)
MPRegen 0.08/turn               (no ring)

@: no status effects
A: fangs 1, strong nose, distributed training
a: no special abilities


You were on level 1 of the Dungeon.
You visited 1 branch of the dungeon, and saw 1 of its levels.

You collected 12 gold pieces.

Inventory:

Hand Weapons
 a - a +0 war axe (weapon)
Armour
 b - a +0 scale mail (worn)
 c - a +0 buckler (worn)
Potions
 d - a potion of might
 e - 2 potions of lignification {unknown}


   Skills:
 + Level 6.4 Fighting
 + Level 0.3 Short Blades
 + Level 0.3 Long Blades
 + Level 4.4 Axes
 + Level 0.3 Maces & Flails
 + Level 0.3 Polearms
 + Level 0.3 Staves
 + Level 0.3 Ranged Weapons
 + Level 0.3 Throwing
 + Level 6.4 Armour
 + Level 0.3 Dodging
 + Level 0.3 Stealth
 + Level 6.4 Shields
 + Level 0.3 Unarmed Combat
 + Level 0.3 Spellcasting
 + Level 0.2 Conjurations
 + Level 0.2 Hexes
 + Level 0.2 Summonings
 + Level 0.2 Necromancy
 + Level 0.2 Translocations
 + Level 0.2 Transmutations
 + Level 0.2 Fire Magic
 + Level 0.2 Ice Magic
 + Level 0.2 Air Magic
 + Level 0.2 Earth Magic
 + Level 0.2 Poison Magic
 + Level 0.4 Invocations
 + Level 0.3 Evocations


You had one spell level left.
You didn't know any spells.
Your spell library was empty.

Dungeon Overview and Level Annotations

Branches:
Dungeon (1/15)

Altars:

Shops:
D:1 *


Innate Abilities, Weirdness & Mutations

You have very sharp teeth.
Your uncanny sense of smell can sniff out nearby items.
Your experience applies equally to all skills.


Message History

You have reached level 2!
Things that are here:
a +0 club; a goblin corpse
Found Vyorulim's Assorted Antiques.
Found a stone staircase leading down.
There is a stone staircase leading down here.
A ball python comes into view.
Found a helmet.
The ball python moves out of view.
A gnoll comes into view.
It is wielding a +0 flail of protection.
Found a whip.
The gnoll shouts!
The ball python bites you. The ball python grabs you.
The ball python constricts you.
The ball python bites you but does no damage.
The ball python constricts you.
You barely miss the ball python. You bite the ball python.
The ball python is severely wounded.
The ball python bites you but does no damage.
The ball python constricts you.
You closely miss the ball python.
The ball python is severely wounded.
The ball python bites you. The ball python constricts you.
The ball python barely misses you. The ball python constricts you.
You hit the ball python.
You kill the ball python!
The gnoll closely misses you.
You barely miss the gnoll.
The gnoll hits you with a +0 flail of protection!
You hit the gnoll.
The gnoll is lightly wounded.
The gnoll hits you with a +0 flail of protection.
You hit the gnoll.
The gnoll is heavily wounded.
You block the gnoll's attack.
You hit the gnoll but do no damage.
The gnoll is heavily wounded.
The gnoll hits you with a +0 flail of protection!
* * * LOW HITPOINT WARNING * * *
The gnoll hits you with a +0 flail of protection.
You die...

##.#..# #####.# ##.#.# .
....#.# # #....###.##
#..##.# . #.........
##..#.# #.#.....#.#
#.###.# #.#.#.#...
.###..### #......[# ##
#....### #.#.#.#.#
#......# #..@g.).#
####....#.######.###.#.#.
#.<#........>............
..#####....#.#######.#...
.## #....~.~# .#
#...≈~.~≈# .# #...≈~∩≈≈#
.## ####≈≈≈≈≈# ..###
##≈≈≈##


You could see a gnoll.

Vanquished Creatures
  An endoplasm (D:1)
  A giant cockroach (D:1)
  A goblin (D:1)
  A quokka (D:1)
  A ball python (D:1)
  3 bats (D:1)
8 creatures vanquished.

Notes
Turn   | Place    | Note
-------+----------+-------------------------------------------
     0 | D:1      | MysteronAgent the Gnoll Fighter began the quest for the
                  | Orb.
     0 | D:1      | Reached XP level 1. HP: 23/23 MP: 1/1
   166 | D:1      | Reached XP level 2. HP: 29/29 MP: 2/2
   185 | D:1      | Found Vyorulim's Assorted Antiques.
   210 | D:1      | HP: 1/29 [gnoll/+0 flail of protection (9)]
   210 | D:1      | Slain by a gnoll

Illustrated notes

Levels and vault maps discovered:
D:1:      lemuel_arrival_tunnels, layout_basic, serial_shops,
          nicolae_shop_waterfront, shop, serial_glass, glass_columns_a,
          glass_columns_b, glass_columns_b, glass_columns_a

Action                   || total
-------------------------++-------
Melee: War axe           ||    20
       Bite              ||     2
Armor: Scale mail        ||     7
Dodge: Dodged            ||    10
Block: Buckler           ||     7
